 Dungeon Crawl Stone Soup version 0.29-a0-243-g602b31c20e (webtiles) character file.

Game seed: 15145905538969617890

14898 enile the Whirler (level 11, 0/60 HPs)
             Began as a Spriggan Artificer on Mar 4, 2022.
             Was a Priest of Ashenzari.
             Hit by a javelin thrown by Urug (16 damage)
             ... on level 1 of the Lair of Beasts.
             The game lasted 00:51:40 (24922 turns).

enile the Whirler (Spriggan Artificer)             Turns: 24922, Time: 00:51:40

Health: 0/60       AC:  8    Str:  8    XL:     11   Next: 94%
Magic:  19/21      EV: 30    Int: 12    God:    Ashenzari [***...]
Gold:   859        SH:  0    Dex: 21    Spells: 19/22 levels left

rFire   + . .      SeeInvis +   R - +0 hunting sling (flame)
rCold   x . .      Faith    .   g - orb {*channel}
rNeg    . . .      Spirit   .   I - +0 steam dragon scales "Insecurity of Ashenzari" {Cun, Self} (curse)
rPois   +          Reflect  .   (helmet restricted)
rElec   .          Harm     .   u - +0 cloak "Shattered Ennui" {Range, Evo} (curse)
rCorr   .          Rampage  .   (gloves unavailable)
Will    ++...      Clarity  +   (boots unavailable)
Stlth   ++++......              (no amulet)
HPRegen 0.20/turn               y - ring of the Oracular Moon {Fire, Melee, Range} (curse)
MPRegen 0.17/turn               x - ring "I Knew You'd Do That" {rPois, Bglg, Cun} (curse)

@: very quick
A: very small, no large weapons, unfitting armour, see invisible, speed 3,
iridescent scales 1, clarity, strong-willed 1
a: Renounce Religion, Curse Item, Shatter the Chains


You were on level 1 of the Lair of Beasts.
You worshipped Ashenzari.
Ashenzari was most pleased with you.
You visited 2 branches of the dungeon, and saw 13 of its levels.
You also visited: Ossuary.

You collected 859 gold pieces.

Inventory:

Hand Weapons
 a - a +0 club
 j - a +0 dagger
 n - a +4 halberd
 r - a +0 rapier
 w - a +0 falchion
 C - a +0 shortbow
 L - a +0 dagger of holy wrath
 Q - a +3 long sword
 R - a +0 hunting sling of flaming (weapon)
Missiles
 l - 13 poisoned darts
 O - 6 atropa-tipped darts
 P - a curare-tipped dart
Armour
 b - a +1 robe
 g - an orb of energy (worn)
 i - a +0 leather armour
 u - the cursed +0 cloak "Shattered Ennui" (worn) {Range, Evo}
   (You found it on level 2 of the Dungeon)

   It has a curse which improves the following skills: Ranged Combat: Slings,
   Bows, Crossbows and Throwing.
   Evocations: Evocations.
 I - the cursed +0 steam dragon scales "Insecurity of Ashenzari" (worn) {Cun, Self}
   (You found it on level 9 of the Dungeon)

   It has a curse which improves the following skills: Cunning: Dodging and
   Stealth.
   Introspection: Fighting and Spellcasting.
Jewellery
 x - the cursed ring "I Knew You'd Do That" (right hand) {rPois, Bglg, Cun}
   (You took it off a centaur on level 6 of the Dungeon)

   [ring of poison resistance]

   rPois:     It protects you from poison.
   It has a curse which improves the following skills: Beguiling: Conjurations,
   Hexes and Translocations.
   Cunning:   Dodging and Stealth.
 y - the cursed ring of the Oracular Moon (left hand) {Fire, Melee, Range}
   (You found it in an ossuary)

   [ring of fire]

   It enhances your fire magic.
   rF:        It protects you from fire.
   rC:        It makes you vulnerable to cold.
   It has a curse which improves the following skills: Melee Combat: Short
   Blades, Long Blades, Axes, Maces & Flails, Polearms, Staves and Unarmed
   Combat.
   Ranged Combat: Slings, Bows, Crossbows and Throwing.
 D - a ring of ice
Wands
 d - a wand of charming (6)
 N - a wand of flame (30)
 T - a wand of paralysis (5)
Scrolls
 c - 12 scrolls of identify
 h - 4 scrolls of vulnerability
 k - 6 scrolls of teleportation
 m - 5 scrolls of enchant armour
 q - 3 scrolls of magic mapping
 H - 2 scrolls of holy word
 J - a scroll of summoning
 K - a scroll of blinking
 M - 2 scrolls of fear
 S - a scroll of fog
Potions
 f - 3 potions of ambrosia
 o - 2 potions of attraction
 p - 3 potions of lignification
 s - 2 potions of invisibility
 t - 2 potions of heal wounds
 v - 6 potions of curing
 z - 3 potions of haste
 A - 4 potions of flight
 B - 2 potions of magic
 E - 6 potions of mutation
 F - a potion of resistance
 G - a potion of brilliance
Miscellaneous
 e - a piece from Xom's chessboard (3/15)


   Skills:
 - Level 6.3(8.0) Fighting
 - Level 5.2(6.8) Short Blades
 + Level 15.5(17.9) Slings
 - Level 2.0(9.4) Throwing
 - Level 12.1(14.5) Dodging
 - Level 4.0(6.2) Stealth
 - Level 4.6(6.1) Spellcasting
 - Level 2.5(3.9) Conjurations
 - Level 2.0 Summonings
 - Level 5.0 Transmutations
 - Level 10.4(12.0) Evocations


You had 19 spell levels left.
You knew the following spells:

 Your Spells              Type           Power      Damage    Failure   Level
a - Call Canine Familiar  Summ           8%         N/A       24%         3

Your spell library contained the following spells:

 Spells                   Type           Power      Damage    Failure   Level
 Magic Dart               Conj           52%        1d5       3%          1
 Searing Ray              Conj           26%        2d5       5%          2
 Shock                    Conj/Air       32%        1d5       8%          1
 Summon Small Mammal      Summ           32%        N/A       8%          1
 Apportation              Tloc           8%         N/A       17%         1
 Animate Skeleton         Necr           6%         N/A       19%         1
 Spider Form              Tmut/Pois      9%         N/A       19%         3
 Ensorcelled Hibernation  Hex/Ice        6%         N/A       26%         2
 Summon Guardian Golem    Hex/Summ       6%         N/A       34%         3
 Swiftness                Air            3%         N/A       47%         3
 Fulminant Prism          Conj/Hex       4%         3d6       58%         4
 Anguish                  Hex/Necr       1%         N/A       86%         4
 Cause Fear               Hex            2%         N/A       86%         4
 Airstrike                Air            1%         N/A       87%         4
 Dragon Form              Tmut           7%         N/A       100%        7
 Dragon's Call            Summ           4%         N/A       100%        9


Dungeon Overview and Level Annotations

Branches:
Dungeon (12/15)            Temple (0/1) D:5            Lair (1/6) D:11
    Orc (0/2) D:10        Ossuary (visited)

Altars:
Ashenzari
Makhleb
Yredelemnul

Annotations:
D:8 exclusion: Erica
Lair:1 Urug


Innate Abilities, Weirdness & Mutations

You are very small and have problems with some larger weapons.
You are too small for most types of armour.
You have supernaturally acute eyesight. (SInv)
You cover ground extremely quickly. (Speed+++)
You are partially covered in iridescent scales. (AC +2)
You possess an exceptional clarity of mind.
You are strong-willed. (Will+)


Message History

HP restored.
Things that are here:
a yak corpse; a yak skeleton Done exploring.
Done exploring.
There is a staircase to the Lair, spattered with blood here.
You climb downwards.
Welcome back to the Lair of Beasts!
Level annotation: Urug Urug hits you with a +6 double sword.
Urug misses you.
There is a staircase back to the Dungeon here.
You shoot a sling bullet. The sling bullet barely misses Urug.
Press: ? - help, v - describe, . - travel
Here: Urug, wielding a +6 double sword, wearing a +4 scale mail of fire resistance and quivering javelins The floor.
You shoot a sling bullet.
The sling bullet hits Urug but does no damage.
Urug completely misses you.
You shoot a sling bullet. The sling bullet barely misses Urug.
Urug completely misses you.
You shoot a sling bullet. The sling bullet closely misses Urug.
You shoot a sling bullet.
The sling bullet hits Urug but does no damage.
Urug completely misses you.
You shoot a sling bullet. The sling bullet hits Urug.
Urug is lightly wounded.
Urug squints, then shrugs and mutters, "Close enough."
Urug hits you with a +6 double sword!!
You shoot a sling bullet. The sling bullet hits Urug.
The sling bullet burns Urug.
Urug is lightly wounded.
Urug hits you with a +6 double sword!!
* * * LOW HITPOINT WARNING * * *
Found a +0 ring mail.
Urug throws a javelin.
The javelin barely misses you.
Casting: Call Canine Familiar (dangerous; 24% risk of failure)
Confirm with . or Enter, or press ? or * to list all spells.
Found 2 potions of lignification.
Your hound closely misses Urug.
Urug throws a javelin.
The javelin pierces through you!
You die...

#...#........ *
##...........[ .
* * #...........#
.. * , ,
#....o(...?.#...
* ,
♣....#........#*
,* ♣...h#......##
, *
♣♣...#.......##
,.♣P............#
, , ,
♣P......@...♣♣P.♣
, ,
♣PP♣........♣,
.P# , *
#.♣♣.........P♣ ,
# *
###.....#.......♣
*
##...###.P#♣PP♣*
#### #### #♣.# ##


You could see Urug and a friendly hound (summoned).

Vanquished Creatures
  A hydra (D:11)
  Erica (D:8)
  5 two-headed ogres
  A necromancer (D:9)
  2 manticores (D:11)
  Maurice (D:8)
  A troll (D:9)
  Prince Ribbit (D:5)
  3 shadows
  4 wyverns
  13 yaks
  3 basilisks (D:11)
  3 steam dragons
  A water moccasin (D:5)
  Pargi (D:3)
  4 orc warriors
  2 ice beasts
  2 sky beasts (D:4)
  A swamp drake (D:11)
  An ogre (D:7)
  4 centaurs
  3 phantoms
  A kobold brigand (D:8)
  4 bullfrogs
  A necrophage (D:7)
  3 scorpions
  5 water moccasin zombies (Ossuary)
  11 wights
  A troll zombie (D:10)
  6 killer bees
  A howler monkey (D:6)
  4 electric eels (D:7)
  A hound (D:4)
  A jelly (D:3)
  5 orc priests
  Terence (D:3)
  7 orc wizards
  Natasha (thrice) (D:3)
  7 ogre zombies (D:10)
  2 mummies (Ossuary)
  Robin (D:3)
  6 gnolls (D:6)
  8 adders
  2 nameless horrors
  2 shadow imps
  A white imp (D:7)
  An ufetubus (D:5)
  2 adder zombies (Ossuary)
  3 worms
  3 dart slugs
  19 orcs
  5 ball pythons
  7 endoplasms
  3 giant cockroaches
  4 gnoll zombies (Ossuary)
  10 goblins
  9 hobgoblins
  7 kobolds
  2 quokkas
  4 bats
  2 frilled lizards
  3 goblin skeletons (D:10)
  2 goblin zombies (D:10)
  A hobgoblin skeleton (D:10)
  7 hobgoblin zombies
  6 kobold zombies (Ossuary)
  3 orc skeletons (D:10)
  13 orc zombies (D:10)
  10 rats
268 creatures vanquished.

Vanquished Creatures (collateral kills)
  4 yaks
  A steam dragon (D:8)
  An acid dragon (D:6)
  An ogre (D:6)
  A phantom (D:6)
  A wight (D:9)
  2 killer bees (D:7)
  A hound (D:4)
  4 orcs
  A hobgoblin skeleton (D:10)
  An orc zombie (D:10)
18 creatures vanquished.

Vanquished Creatures (others)
  An ice beast (D:6)
  A wight (D:9)
  A killer bee (D:6)
  An orc priest (D:5)
  6 plants (D:7)
10 creatures vanquished.

Grand Total: 296 creatures vanquished

Notes
Turn   | Place    | Note
-------+----------+-------------------------------------------
     0 | D:1      | enile the Spriggan Artificer began the quest for the Orb.
     0 | D:1      | Reached XP level 1. HP: 9/9 MP: 2/2
   116 | D:1      | Reached skill level 1 in Fighting
  1039 | D:1      | Reached XP level 2. HP: 14/15 MP: 3/3
  2009 | D:2      | Reached XP level 3. HP: 16/18 MP: 4/4
  2638 | D:2      | Reached skill level 5 in Dodging
  2775 | D:2      | Found a faded altar of an unknown god.
  2972 | D:2      | Prayed at the altar of an unknown god.
  2972 | D:2      | Became a worshipper of Ashenzari the Shackled
  3114 | D:3      | Noticed Natasha
  3428 | D:3      | Reached skill level 1 in Throwing
  3428 | D:3      | Reached XP level 4. HP: 11/23 MP: 5/5
  3684 | D:3      | Noticed Terence
  3693 | D:3      | Killed Terence
  3694 | D:3      | Reached skill level 1 in Short Blades
  3740 | D:3      | Killed Natasha
  3741 | D:3      | Reached XP level 5. HP: 22/26 MP: 6/6
  3830 | D:3      | Noticed Natasha
  4070 | D:3      | Killed Natasha
  4252 | D:3      | Noticed Natasha
  4308 | D:3      | Noticed Robin
  4672 | D:3      | Noticed Pargi
  4974 | D:3      | Killed Pargi
  4975 | D:3      | Reached skill level 5 in Evocations
  4975 | D:3      | Reached XP level 6. HP: 21/30 MP: 7/7
  5492 | D:3      | Killed Robin
  5671 | D:3      | Killed Natasha
  5924 | D:4      | Noticed an ice beast
  5951 | D:4      | Killed an ice beast
  5952 | D:4      | Reached XP level 7. HP: 8/35 MP: 8/8
  6134 | D:4      | Found a sand-covered staircase.
  6224 | Ossuary  | Entered an ossuary
  7187 | Ossuary  | Gained mutation: You possess an exceptional clarity of
                  | mind. [potion of mutation]
  7187 | Ossuary  | Gained mutation: You are strong-willed. (Will+) [potion of
                  | mutation]
  7187 | Ossuary  | Gained mutation: You are partially covered in iridescent
                  | scales. (AC +2) [potion of mutation]
  7573 | D:4      | Reached XP level 8. HP: 41/42 MP: 9/9
  8203 | D:5      | Entered Level 5 of the Dungeon
  8208 | D:5      | Reached * piety under Ashenzari
  8345 | D:5      | Noticed Prince Ribbit
  8443 | D:5      | Killed Prince Ribbit
  8444 | D:5      | Reached skill level 5 in Fighting
  8682 | D:5      | Found a staircase to the Ecumenical Temple.
  8805 | D:5      | Reached skill level 5 in Short Blades
  9912 | D:6      | Reached skill level 1 in Slings
 10155 | D:6      | Reached skill level 2 in Slings
 10155 | D:6      | Reached skill level 1 in Spellcasting
 10243 | D:6      | Reached skill level 3 in Slings
 10971 | D:6      | Reached skill level 4 in Slings
 10971 | D:6      | Reached XP level 9. HP: 27/47 MP: 13/13
 12119 | D:6      | Reached skill level 5 in Slings
 12164 | D:6      | Reached skill level 6 in Slings
 12473 | D:6      | Reached ** piety under Ashenzari
 12894 | D:6      | Reached skill level 7 in Slings
 13000 | D:6      | Reached skill level 8 in Slings
 13493 | D:7      | Reached skill level 9 in Slings
 13787 | D:7      | Reached *** piety under Ashenzari
 14024 | D:7      | Reached skill level 10 in Dodging
 14830 | D:7      | Noticed a cyclops
 17638 | D:8      | Noticed Erica
 17792 | D:9      | Noticed a two-headed ogre
 17849 | D:9      | Killed a two-headed ogre
 17850 | D:9      | Reached XP level 10. HP: 55/56 MP: 17/17
 18051 | D:9      | Reached skill level 10 in Slings
 18186 | D:9      | Noticed a two-headed ogre
 18190 | D:9      | Reached **** piety under Ashenzari
 18238 | D:9      | Killed a two-headed ogre
 18239 | D:9      | Reached skill level 11 in Slings
 18372 | D:9      | Reached skill level 12 in Slings
 18576 | D:9      | Found a basalt altar of Yredelemnul.
 18576 | D:9      | Found a burning altar of Makhleb.
 18634 | D:9      | Noticed a two-headed ogre
 18646 | D:9      | Killed a two-headed ogre
 18647 | D:9      | Reached skill level 14 in Slings
 18742 | D:9      | Noticed a necromancer
 18755 | D:9      | Killed a necromancer
 18963 | D:9      | Learned a level 3 spell: Call Canine Familiar
 18986 | D:10     | Entered Level 10 of the Dungeon
 19106 | D:8      | Noticed Maurice
 19831 | D:8      | Killed Erica
 19832 | D:8      | Reached XP level 11. HP: 17/62 MP: 21/23
 20351 | D:8      | Killed Maurice
 22144 | D:10     | Reached skill level 10 in Evocations
 22404 | D:10     | Found a staircase to the Orcish Mines.
 22481 | D:10     | Noticed a two-headed ogre
 22502 | D:10     | Killed a two-headed ogre
 23082 | D:11     | Reached skill level 5 in Transmutations
 23366 | D:12     | Reached skill level 1 in Conjurations
 23442 | D:11     | Reached skill level 1 in Summonings
 23880 | D:11     | Noticed an eight-headed hydra
 23890 | D:11     | Killed an eight-headed hydra
 24167 | D:11     | Found a staircase to the Lair.
 24375 | D:11     | Noticed a two-headed ogre
 24386 | D:11     | Killed a two-headed ogre
 24387 | D:11     | Reached skill level 15 in Slings
 24520 | Lair:1   | Entered Level 1 of the Lair of Beasts
 24534 | Lair:1   | Noticed Urug
 24922 | Lair:1   | Hit by a javelin thrown by Urug

Illustrated notes

Levels and vault maps discovered:
D:1:      matt_arrival_spirals, layout_loops_ring
D:2:      layout_rooms, nicolae_ecumenical_lake_church
D:3:      layout_rooms, roderic_lattice_a, minmay_misc_feat_iff, st_stairs_14,
          uniq_robin, uniq_pargi, uniq_natasha, uniq_terence
D:4:      layout_loops_ring, chequers_ossuary_entry_cave, minmay_manual_maat
D:5:      layout_loops_corners, minmay_temple_entry_hall, uniq_prince_ribbit1
D:6:      layout_loops_ring
D:7:      cheibrodos_two_vegetables, layout_gridville
D:8:      layout_layer_cave, uniq_maurice, uniq_erica
D:9:      layout_roguey, minitemple, minmay_librarian
D:10:     layout_basic, zombieorc2_lemuel
D:11:     layout_long_grid, erik_lair_dragon
D:12:     layout_loops_cross, ebering_ghost_xom
Lair:1:   layout_gridlike, serial_forest, infiniplex_forest_corner_1,
          infiniplex_forest_corner_2, infiniplex_forest_diagonal,
          infiniplex_forest_zigzag_1, infiniplex_forest_straight_2,
          infiniplex_forest_clump_double, grunt_forest_large_clearing_hut,
          uniq_urug

Skill      XL: |  1  2  3  4  5  6  7  8  9 10 11 |
---------------+----------------------------------+-----
Fighting       | 1 2 4 5 6 |  6.3
Dodging        | 4 5 6 7 8 10 12 | 12.1
Throwing       | 1 2 |  2.0
Short Blades   | 2 4 5 |  5.2
Stealth        | 4 |  4.0
Evocations     | 5 7 8 10 | 10.4
Slings         | 4 9 14 15 | 15.5
Spellcasting   | 2 3 4 |  4.6
Transmutations | 5 |  5.0
Conjurations   | 2 |  2.5
Summonings     | 2 |  2.0

Action                   |  1- 3 |  4- 6 |  7- 9 | 10-12 || total
-------------------------+-------+-------+-------+-------++-------
Melee: Club              |    44 |       |       |       ||    44
       Dagger            |    49 |       |       |       ||    49
       Rapier            |    42 |   116 |   267 |       ||   425
       Punch             |       |       |     2 |       ||     2
       Hunting sling     |       |       |     6 |       ||     6
 Fire: Hunting sling     |       |       |   313 |   847 ||  1160
Throw: Dart              |    18 |    43 |    40 |     7 ||   108
 Cast: Call Canine Famil |       |       |       |    10 ||    10
Invok: Curse Item        |       |     1 |     3 |     1 ||     5
       Shatter the Chain |       |       |       |     1 ||     1
Evoke: Wand              |     3 |    11 |    24 |     1 ||    39
       Piece from Xom's  |       |       |    19 |    10 ||    29
  Use: Scroll            |       |       |     9 |     2 ||    11
       Potion            |       |       |     3 |       ||     3
 Stab: Sleeping          |     3 |     2 |     9 |       ||    14
       Confused          |       |       |     2 |       ||     2
Armor: Robe              |    19 |     2 |    33 |     1 ||    55
       Steam dragon scal |       |       |       |    19 ||    19
Dodge: Dodged            |   127 |   103 |   437 |   406 ||  1073

Table legend: (Time is in decaauts)
 A = Elapsed time spent in this place.
 B = Non-inter-level travel time spent in this place.
 C = Inter-level travel time spent in this place.
 D = Time resting spent in this place.
 E = Time spent auto-exploring this place.
 F = Levels seen in this place.
 G = Mean time per level.
                   A        B        C        D        E       F      G
               +--------+--------+--------+--------+--------+-----+--------+
         Total |  20819 |  19857 |    962 |   7512 |   8909 |  14 | 1487.1 |
       Dungeon |  19888 |  18927 |    961 |   6962 |   8822 |  12 | 1657.3 |
          Lair |     35 |     35 |      0 |      0 |      0 |   1 |   35.0 |
       Ossuary |    895 |    895 |      0 |    550 |     86 |   1 |  895.0 |
               +--------+--------+--------+--------+--------+-----+--------+

Top non-repeatable levels by time:
     D:7: 4096 daAuts
     D:5: 2855 daAuts
    D:11: 1740 daAuts
     D:3: 1703 daAuts
     D:2: 1590 daAuts
     D:1: 1519 daAuts
     D:6: 1433 daAuts
     D:8: 1299 daAuts
     D:9: 1276 daAuts
     D:4: 1232 daAuts
 Ossuary: 895 daAuts
    D:10: 883 daAuts
    D:12: 256 daAuts
  Lair:1: 35 daAuts
